TOP OF THE 1ST |
Menlo Maniacs batting - Pitching for Bismark Border Guards : RHP Michael Morris
|
Pitching: RHP Michael Morris
|
|
Batting: RHB Daryl Floyd
|
0-0: Ball 1-0: Ball 2-0: Ball 3-0: Called Strike 3-1: Called Strike 3-2: SINGLE (Groundball, 4MD)
|
Batting: RHB Steve Sampson
|
0-0: Called Strike 0-1: Ball 1-1: Foul Ball, location: 2F 1-2: Strikes out swinging
|
Batting: LHB Arthur Hall
|
0-0: Ball 1-0: Called Strike 1-1: Called Strike 1-2: Ball 2-2: Foul Ball, location: 2F 2-2: Foul Ball, location: 2F 2-2: Ball Daryl Floyd steals 2nd base 3-2: SINGLE (Popup, 56D) Daryl Floyd to third
|
Batting: LHB Marcos Pérez
|
0-0: Called Strike 0-1: Ball 1-1: Called Strike 1-2: Ball 2-2: 3-RUN HOME RUN (Flyball, 9D), Distance : 387 ft
|
Batting: RHB Júlio Trinidad
|
0-0: Ball 1-0: Ball 2-0: Called Strike 2-1: DOUBLE (Line Drive, 78M)
|
Batting: LHB Keith Green
|
0-0: Called Strike 0-1: Foul Ball, location: 2F 0-2: Ball 1-2: Strikes out swinging
|
Batting: RHB Paul Hardy
|
0-0: Swinging Strike 0-1: SINGLE (Groundball, 56D) Júlio Trinidad to third Runner from 3rd tries for Home, SAFE, no throw or cutoff
|
Batting: RHB Robert Downing
|
0-0: Called Strike Paul Hardy steals 2nd base 0-1: Ball 1-1: Swinging Strike 1-2: Strikes out swinging
|
Top of the 1st over - 4 run(s), 5 hit(s), 0 error(s), 1 left on base; Menlo 4 - Bismark 0 |
BOTTOM OF THE 1ST |
Bismark Border Guards batting - Pitching for Menlo Maniacs : RHP José Ramírez
|
Pitching: RHP José Ramírez
|
|
Batting: SHB Vicente Pagán
|
0-0: Foul Ball, location: 2F 0-1: Ball 1-1: Swinging Strike 1-2: Fly out, F6 (Popup, 6D)
|
Batting: LHB Rusty Herbert
|
0-0: Fly out, F8 (Flyball, 89XD)
|
Batting: RHB Enrico Rodríguez
|
0-0: Ball 1-0: Ball 2-0: Foul Ball, location: 2F 2-1: Swinging Strike 2-2: Ball 3-2: Foul Ball, location: 2F 3-2: Strikes out looking
|
Bottom of the 1st over - 0 run(s), 0 hit(s), 0 error(s), 0 left on base; Menlo 4 - Bismark 0 |
TOP OF THE 2ND |
Menlo Maniacs batting - Pitching for Bismark Border Guards : RHP Michael Morris
|
Batting: RHB Gilberto León
|
0-0: Ball 1-0: Fly out, F4 (Popup, 4)
|
Batting: RHB Daryl Floyd
|
0-0: Ball 1-0: Foul Ball, location: 2F 1-1: SOLO HOME RUN (Flyball, 78XD), Distance : 403 ft
|
Batting: RHB Steve Sampson
|
0-0: Called Strike 0-1: Ball 1-1: Called Strike 1-2: Ball 2-2: Ground out 5-3 (Groundball, 56)
|
Batting: LHB Arthur Hall
|
0-0: Swinging Strike 0-1: Foul Ball, location: 2F 0-2: SINGLE (Flyball, 7S)
|
Batting: LHB Marcos Pérez
|
0-0: Ball 1-0: Foul Ball, location: 2F 1-1: Foul Ball, location: 2F 1-2: Strikes out looking
|
Top of the 2nd over - 1 run(s), 2 hit(s), 0 error(s), 1 left on base; Menlo 5 - Bismark 0 |
BOTTOM OF THE 2ND |
Bismark Border Guards batting - Pitching for Menlo Maniacs : RHP José Ramírez
|
Batting: RHB Mike Wright
|
0-0: SINGLE (Line Drive, 7LS)
|
Batting: RHB Doug Williams
|
0-0: Ball 1-0: Called Strike 1-1: Ball 2-1: Ball 3-1: Called Strike 3-2: Base on Balls Mike Wright to second
|
Batting: RHB Alejandro Ramos
|
0-0: Grounds into double play, 4-6-3 (Groundball, 4) Mike Wright to third
|
Batting: RHB Trent Rasmussen
|
0-0: Called Strike 0-1: Swinging Strike 0-2: SINGLE (Groundball, 4MD) Mike Wright scores
|
Batting: RHB Edward Melton
|
0-0: SINGLE (Line Drive, 6MD) Trent Rasmussen to second
|
Batting: RHB Jorge Montoya
|
0-0: Swinging Strike 0-1: 3-RUN HOME RUN (Flyball, 7D), Distance : 385 ft
|
Batting: SHB Vicente Pagán
|
0-0: Called Strike 0-1: Called Strike 0-2: Strikes out looking
|
Bottom of the 2nd over - 4 run(s), 4 hit(s), 0 error(s), 0 left on base; Menlo 5 - Bismark 4 |
TOP OF THE 3RD |
Menlo Maniacs batting - Pitching for Bismark Border Guards : RHP Michael Morris
|
Batting: RHB Júlio Trinidad
|
0-0: Fly out, F9 (Line Drive, 89M)
|
Batting: LHB Keith Green
|
0-0: Ball 1-0: Foul Ball, location: 2F 1-1: SINGLE (Groundball, 3D)
|
Batting: RHB Paul Hardy
|
0-0: Ball Throwing error on steal attempt, E2 Keith Green to third 1-0: Called Strike 1-1: Ball 2-1: Ball 3-1: Base on Balls
|
Batting: RHB Robert Downing
|
0-0: SINGLE (Flyball, 8RS) Keith Green scores Paul Hardy to second
|
Batting: RHB Gilberto León
|
0-0: Ball 1-0: Swinging Strike 1-1: Foul Ball, location: 2F 1-2: Ball 2-2: Ball 3-2: Strikes out swinging
|
Batting: RHB Daryl Floyd
|
0-0: Ball 1-0: Foul Ball, location: 2F 1-1: Foul Ball, location: 2F 1-2: Ball 2-2: Ball 3-2: Strikes out swinging
|
Top of the 3rd over - 1 run(s), 2 hit(s), 1 error(s), 2 left on base; Menlo 6 - Bismark 4 |
BOTTOM OF THE 3RD |
Bismark Border Guards batting - Pitching for Menlo Maniacs : RHP José Ramírez
|
Batting: LHB Rusty Herbert
|
0-0: DOUBLE (Line Drive, 9LM)
|
Batting: RHB Enrico Rodríguez
|
0-0: Ball 1-0: Ball 2-0: Swinging Strike 2-1: SINGLE (Line Drive, 3D) Rusty Herbert to third
|
Batting: RHB Mike Wright
|
0-0: Called Strike 0-1: Ball 1-1: Foul Ball, location: 2F 1-2: Ball 2-2: Ball 3-2: Fly out, F9 (Flyball, 9S) 3-2: Fly out, F9 (Flyball, 9S)
|
Batting: RHB Doug Williams
|
0-0: Called Strike Enrico Rodríguez is caught stealing 2nd base 0-1: Ball 1-1: Foul Ball, location: 2F 1-2: Ground out 6-3 (Groundball, 6)
|
Bottom of the 3rd over - 0 run(s), 2 hit(s), 0 error(s), 1 left on base; Menlo 6 - Bismark 4 |
TOP OF THE 4TH |
Menlo Maniacs batting - Pitching for Bismark Border Guards : RHP Michael Morris
|
Pitching: RHP Bartolo Rivera
|
|
Batting: RHB Steve Sampson
|
0-0: Ball 1-0: Foul Ball, location: 2F 1-1: Ball 2-1: Ball 3-1: Base on Balls
|
Batting: LHB Arthur Hall
|
0-0: Ball 1-0: Fly out, F8 (Flyball, 8LXD)
|
Batting: LHB Marcos Pérez
|
0-0: Called Strike 0-1: Foul Ball, location: 2F 0-2: Foul Ball, location: 2F 0-2: Ball 1-2: Strikes out swinging
|
Batting: RHB Júlio Trinidad
|
0-0: Called Strike 0-1: Foul Ball, location: 2F 0-2: SINGLE (Line Drive, 4D) Steve Sampson to second Runner from 2nd tries for 3rd, SAFE, throw made to third Júlio Trinidad to second
|
Batting: LHB Keith Green
|
0-0: Ball 1-0: Ball 2-0: Called Strike Balk! Steve Sampson scores Júlio Trinidad to third 2-1: Called Strike 2-2: Ball 3-2: Base on Balls
|
Batting: RHB Paul Hardy
|
0-0: Foul Ball, location: 2F 0-1: Swinging Strike 0-2: Ground out 2-3 (Groundball, 25)
|
Top of the 4th over - 1 run(s), 1 hit(s), 0 error(s), 2 left on base; Menlo 7 - Bismark 4 |
BOTTOM OF THE 4TH |
Bismark Border Guards batting - Pitching for Menlo Maniacs : RHP José Ramírez
|
Batting: RHB Alejandro Ramos
|
0-0: Called Strike 0-1: Swinging Strike 0-2: SINGLE (Groundball, 56D)
|
Batting: RHB Trent Rasmussen
|
0-0: Ball 1-0: Ball 2-0: Ball 3-0: Called Strike 3-1: Grounds into double play, 6-4-3 (Groundball, 6)
|
Batting: RHB Edward Melton
|
0-0: Ball 1-0: Called Strike 1-1: SINGLE (Groundball, 56)
|
Batting: RHB Jorge Montoya
|
0-0: Foul Ball, location: 2F 0-1: Foul Ball, location: 2F 0-2: DOUBLE (Line Drive, 78XD) Edward Melton to third Edward Melton scores
|
Batting: SHB Vicente Pagán
|
0-0: Ball 1-0: Ball 2-0: SINGLE (Flyball, 7S) Jorge Montoya to third Runner from 3rd tries for Home, SAFE, no throw or cutoff
|
Batting: LHB Rusty Herbert
|
0-0: Called Strike 0-1: Ball 1-1: Ball 2-1: Foul Ball, location: 2F 2-2: Ground out U3 (Groundball, 3L)
|
Bottom of the 4th over - 2 run(s), 4 hit(s), 0 error(s), 1 left on base; Menlo 7 - Bismark 6 |
TOP OF THE 5TH |
Menlo Maniacs batting - Pitching for Bismark Border Guards : RHP Bartolo Rivera
|
Batting: RHB Robert Downing
|
0-0: Called Strike 0-1: Foul Ball, location: 2F 0-2: Ground out 5-3 (Groundball, 5S)
|
Batting: RHB Gilberto León
|
0-0: Ball 1-0: SINGLE (Line Drive, 89S)
|
Batting: RHB Daryl Floyd
|
0-0: Ball 1-0: SINGLE (Flyball, 9LS) Gilberto León to second
|
Batting: RHB Steve Sampson
|
0-0: 3-RUN HOME RUN (Flyball, 7D), Distance : 379 ft
|
Pitching: RHP Edward Hastings
|
|
Batting: LHB Arthur Hall
|
0-0: Ball 1-0: Foul Ball, location: 2F 1-1: Hit by Pitch
|
Batting: LHB Marcos Pérez
|
0-0: Ball 1-0: Ball 2-0: Ball 3-0: Base on Balls Arthur Hall to second
|
Batting: RHB Júlio Trinidad
|
0-0: Called Strike 0-1: Ball 1-1: SINGLE (Flyball, 8LS) Arthur Hall to third Marcos Pérez to second Runner from 3rd tries for Home, SAFE, no throw or cutoff
|
Batting: LHB Keith Green
|
0-0: Ball Wild Pitch! Marcos Pérez to third Júlio Trinidad to second 1-0: Intentional Walk
|
Batting: RHB Paul Hardy
|
0-0: Foul Ball, location: 2F 0-1: Ball 1-1: Fly out, F6 (Popup, 78S)
|
Batting: RHB Robert Downing
|
0-0: Called Strike 0-1: Ball 1-1: Ground out 4-3 (Groundball, 4)
|
Top of the 5th over - 4 run(s), 4 hit(s), 0 error(s), 3 left on base; Menlo 11 - Bismark 6 |
BOTTOM OF THE 5TH |
Bismark Border Guards batting - Pitching for Menlo Maniacs : RHP José Ramírez
|
Batting: RHB Enrico Rodríguez
|
0-0: Fly out, F8 (Flyball, 89S)
|
Batting: RHB Mike Wright
|
0-0: Ball 1-0: Foul Ball, location: 2F 1-1: Foul Ball, location: 2F 1-2: TRIPLE (Flyball, 89D)
|
Batting: RHB Doug Williams
|
0-0: Called Strike 0-1: Ball 1-1: Ball 2-1: Swinging Strike 2-2: Foul Ball, location: 2F 2-2: Strikes out swinging
|
Batting: RHB Alejandro Ramos
|
0-0: Foul Ball, location: 2F 0-1: Ball 1-1: Foul Ball, location: 2F 1-2: Strikes out swinging
|
Bottom of the 5th over - 0 run(s), 1 hit(s), 0 error(s), 1 left on base; Menlo 11 - Bismark 6 |
TOP OF THE 6TH |
Menlo Maniacs batting - Pitching for Bismark Border Guards : RHP Edward Hastings
|
Batting: RHB Gilberto León
|
0-0: Ball 1-0: Called Strike 1-1: Fly out, F9 (Flyball, 9M)
|
Batting: RHB Daryl Floyd
|
0-0: Ball 1-0: Ball 2-0: Called Strike 2-1: Foul Ball, location: 2F 2-2: Ball 3-2: Foul Ball, location: 2F 3-2: Base on Balls
|
Pitching: RHP Nathan Walters
|
|
Batting: RHB Steve Sampson
|
0-0: Called Strike 0-1: Foul Ball, location: 2F 0-2: Ball 1-2: Ball 2-2: DOUBLE (Flyball, 78D) Daryl Floyd to third Daryl Floyd scores
|
Batting: LHB Arthur Hall
|
0-0: Ball 1-0: Ground out 5-3 (Groundball, 5D)
|
Batting: LHB Marcos Pérez
|
0-0: Ball 1-0: Ball 2-0: 2-RUN HOME RUN (Flyball, 89XD), Distance : 392 ft
|
Pitching: RHP Esteban Corona
|
|
Batting: RHB Júlio Trinidad
|
0-0: Ball 1-0: Ball 2-0: Ball 3-0: Called Strike 3-1: SOLO HOME RUN (Flyball, 89XD), Distance : 411 ft
|
Batting: LHB Keith Green
|
0-0: Ball 1-0: Called Strike 1-1: Swinging Strike 1-2: Strikes out swinging
|
Top of the 6th over - 4 run(s), 3 hit(s), 0 error(s), 0 left on base; Menlo 15 - Bismark 6 |
BOTTOM OF THE 6TH |
Bismark Border Guards batting - Pitching for Menlo Maniacs : RHP José Ramírez
|
Batting: RHB Trent Rasmussen
|
0-0: Ground out 6-3 (Groundball, 6)
|
Batting: RHB Edward Melton
|
0-0: Ball 1-0: Called Strike 1-1: Ball 2-1: Ball 3-1: Called Strike 3-2: Base on Balls
|
Batting: RHB Jorge Montoya
|
0-0: Ball 1-0: Called Strike 1-1: Ball 2-1: Ball 3-1: Fly out, F6 (Popup, 6)
|
Batting: SHB Vicente Pagán
|
0-0: Ball 1-0: Called Strike 1-1: Ball 2-1: Foul Ball, location: 2F 2-2: Ball 3-2: SINGLE (Line Drive, 89S) Edward Melton to second Edward Melton to third
|
Pitching: RHP Domingo Franco
|
|
Batting: LHB Rusty Herbert
|
0-0: Ball 1-0: Swinging Strike 1-1: Swinging Strike 1-2: Ball 2-2: Ball 3-2: SINGLE (Groundball, 34D) Edward Melton scores Vicente Pagán to second Vicente Pagán to third
|
Batting: RHB Enrico Rodríguez
|
0-0: Called Strike 0-1: Ball 1-1: Foul Ball, location: 2F 1-2: Foul Ball, location: 2F 1-2: Fielders Choice at 2nd, U4 (Groundball, 4M)
|
Bottom of the 6th over - 1 run(s), 2 hit(s), 0 error(s), 2 left on base; Menlo 15 - Bismark 7 |
TOP OF THE 7TH |
Menlo Maniacs batting - Pitching for Bismark Border Guards : RHP Esteban Corona
|
Batting: RHB Paul Hardy
|
0-0: Ball 1-0: Called Strike 1-1: SINGLE (Flyball, 89S)
|
Batting: RHB Robert Downing
|
0-0: Bunted foul 0-1: Bunted foul 0-2: Ball 1-2: Strikes out swinging
|
Batting: RHB Gilberto León
|
0-0: Called Strike 0-1: Called Strike 0-2: Strikes out swinging
|
Batting: RHB Daryl Floyd
|
0-0: Ball 1-0: Called Strike 1-1: Called Strike 1-2: Strikes out swinging
|
Top of the 7th over - 0 run(s), 1 hit(s), 0 error(s), 1 left on base; Menlo 15 - Bismark 7 |
BOTTOM OF THE 7TH |
Bismark Border Guards batting - Pitching for Menlo Maniacs : RHP Domingo Franco
|
Batting: RHB Mike Wright
|
0-0: Ground out 6-3 (Groundball, 6)
|
Batting: RHB Doug Williams
|
0-0: Foul Ball, location: 2F 0-1: Called Strike 0-2: Ground out 2-3 (Groundball, 2L)
|
Batting: RHB Alejandro Ramos
|
0-0: Ball 1-0: Ground out 4-3 (Groundball, 4)
|
Bottom of the 7th over - 0 run(s), 0 hit(s), 0 error(s), 0 left on base; Menlo 15 - Bismark 7 |
TOP OF THE 8TH |
Menlo Maniacs batting - Pitching for Bismark Border Guards : RHP Esteban Corona
|
Batting: RHB Steve Sampson
|
0-0: Ball 1-0: Ground out 1-3 (Groundball, 15)
|
Batting: LHB Arthur Hall
|
0-0: Ball 1-0: Reached on error, E6 (Groundball, 6M)
|
Batting: LHB Marcos Pérez
|
0-0: Ball 1-0: Called Strike 1-1: Swinging Strike 1-2: Strikes out swinging
|
Batting: RHB Júlio Trinidad
|
0-0: Called Strike 0-1: Ball 1-1: Called Strike 1-2: Foul Ball, location: 2F 1-2: Ball 2-2: Ball 3-2: Base on Balls
|
Batting: LHB Keith Green
|
0-0: Called Strike 0-1: SINGLE (Line Drive, 56D) Arthur Hall to third Júlio Trinidad to second Runner from 3rd tries for Home, SAFE, no throw or cutoff
|
Batting: RHB Paul Hardy
|
0-0: Ball 1-0: Called Strike 1-1: Called Strike 1-2: Ball 2-2: Ground out 5-3 (Groundball, 5S)
|
Top of the 8th over - 1 run(s), 1 hit(s), 1 error(s), 2 left on base; Menlo 16 - Bismark 7 |
BOTTOM OF THE 8TH |
Bismark Border Guards batting - Pitching for Menlo Maniacs : RHP Domingo Franco
|
Batting: RHB Trent Rasmussen
|
0-0: Ball 1-0: DOUBLE (Line Drive, 8LM)
|
Batting: RHB Edward Melton
|
0-0: SINGLE (Line Drive, 6D) Trent Rasmussen to third
|
Batting: RHB Jorge Montoya
|
0-0: Called Strike 0-1: SINGLE (Groundball, 56D) Trent Rasmussen scores Edward Melton to second
|
Batting: SHB Vicente Pagán
|
0-0: Foul Ball, location: 2F 0-1: Foul Ball, location: 2F 0-2: Ball 1-2: Strikes out looking
|
Batting: LHB Rusty Herbert
|
0-0: Ball 1-0: Ball 2-0: SINGLE (Line Drive, 6M) Edward Melton to third Jorge Montoya to second Runner from 3rd tries for Home, SAFE, no throw or cutoff
|
Batting: RHB Enrico Rodríguez
|
0-0: Called Strike 0-1: Called Strike 0-2: Foul Ball, location: 2F 0-2: Foul Ball, location: 2F 0-2: Foul Ball, location: 2F 0-2: Strikes out swinging
|
Batting: RHB Mike Wright
|
0-0: Ball 1-0: Called Strike 1-1: Ball 2-1: Swinging Strike 2-2: Foul Ball, location: 2F 2-2: Fly out, F5 (Popup, 5SF)
|
Bottom of the 8th over - 2 run(s), 4 hit(s), 0 error(s), 2 left on base; Menlo 16 - Bismark 9 |
TOP OF THE 9TH |
Menlo Maniacs batting - Pitching for Bismark Border Guards : RHP Esteban Corona
|
Pitching: RHP Beau Murphy
|
|
Batting: RHB Robert Downing
|
0-0: Ball 1-0: Called Strike 1-1: SINGLE (Groundball, 25) (infield hit)
|
Batting: RHB Gilberto León
|
0-0: Ball 1-0: Ball 2-0: Bunted foul 2-1: Bunted foul 2-2: Strikes out looking
|
Batting: RHB Daryl Floyd
|
0-0: Fly out, F4 (Popup, 4MD)
|
Batting: RHB Steve Sampson
|
0-0: Called Strike 0-1: Fielders Choice at 2nd, 6-4 (Groundball, 6)
|
Top of the 9th over - 0 run(s), 1 hit(s), 0 error(s), 0 left on base; Menlo 16 - Bismark 9 |
BOTTOM OF THE 9TH |
Bismark Border Guards batting - Pitching for Menlo Maniacs : RHP Domingo Franco
|
Batting: RHB Doug Williams
|
0-0: Ball 1-0: Ball 2-0: Called Strike 2-1: Ball 3-1: Foul Ball, location: 2F 3-2: Foul Ball, location: 2F 3-2: Base on Balls
|
Batting: RHB Alejandro Ramos
|
0-0: Called Strike 0-1: Ball 1-1: Called Strike 1-2: Ball 2-2: Foul Ball, location: 2F 2-2: SINGLE (Line Drive, 6MD) Doug Williams to second
|
Pitching: RHP Steve Poe
|
|
Batting: RHB Trent Rasmussen
|
0-0: Ball 1-0: Called Strike 1-1: Foul Ball, location: 2F 1-2: Ball 2-2: SINGLE (Groundball, 6MD) Doug Williams to third Alejandro Ramos to second Runner from 3rd tries for Home, throw and OUT!
|
Batting: RHB Edward Melton
|
0-0: Ball 1-0: Fly out, F3 (Popup, 3F)
|
Batting: RHB Jorge Montoya
|
0-0: Ball 1-0: Ball 2-0: Foul Ball, location: 2F 2-1: SINGLE (Line Drive, 7S) Alejandro Ramos to third Trent Rasmussen to second Runner from 3rd tries for Home, SAFE, no throw or cutoff
|
Batting: SHB Vicente Pagán
|
0-0: Ball 1-0: Called Strike 1-1: Ball 2-1: Called Strike 2-2: Ball 3-2: Strikes out swinging
|
Bottom of the 9th over - 1 run(s), 3 hit(s), 0 error(s), 2 left on base; Menlo 16 - Bismark 10 |
|